 Dungeon Crawl Stone Soup version 0.21.0-3-g78d12a8 (webtiles) character file.

128 MTVSty1e the Cudgeler (level 5, 0/32 HPs)
             Began as a Gargoyle Fighter on Jan 15, 2018.
             Slain by MTVSty1e's ghost (1 damage)
             ... on level 3 of the Dungeon.
             The game lasted 00:02:28 (2078 turns).

MTVSty1e the Cudgeler (Gargoyle Fighter)            Turns: 2078, Time: 00:02:29

Health: 0/32       AC: 13    Str: 21    XL:     5   Next: 11%
Magic:  14/14      EV:  7    Int:  8    God:
Gold:   107        SH:  9    Dex:  9    Spells: 4/4 levels left

rFire    . . .     SeeInvis .   k - +0 mace (venom)
rCold    . . .     Gourm    .   c - +0 shield
rNeg     + . .     Faith    .   b - +0 scale mail
rPois    ∞         Spirit   .   (no helmet)
rElec    +         Reflect  .   (no cloak)
rCorr    .         Harm     .   e - +0 pair of gloves
MR       .....                  g - +0 pair of boots
Stlth    ..........             (no amulet)
HPRegen  0.10/turn              h - ring of magical power
MPRegen  0.14/turn              (no ring)

@: flying, hasted, very quick
A: negative energy resistance 1, electricity resistance, unbreathing,
petrification resistance, rot immunity, AC +4
a: no special abilities


You were on level 3 of the Dungeon.
You were not hungry.

You visited 1 branch of the dungeon, and saw 3 of its levels.

You collected 107 gold pieces.

Inventory:

Hand Weapons
 a - a +0 flail
 k - a +0 mace of venom (weapon)
Armour
 b - a +0 scale mail (worn)
 c - a +0 shield (worn)
 e - a +0 pair of gloves (worn)
 g - a +0 pair of boots (worn)
Jewellery
 h - a ring of magical power (left hand)
Scrolls
 i - a scroll of blinking {unknown}
 m - 2 scrolls of identify {unknown}
Comestibles
 f - 3 rations


   Skills:
 - Level 3.2 Fighting
 + Level 5.1 Maces & Flails
 - Level 3.2 Armour
 - Level 3.2 Shields


You had 4 spell levels left.
You didn't know any spells.

Dungeon Overview and Level Annotations

Branches:
Dungeon (3/15)

Altars:

Annotations:
D:3 MTVSty1e's ghost, amateur GrGl


Innate Abilities, Weirdness & Mutations

You are resistant to torment.
Your stone body is resilient. (AC +4)
You are immune to poison.
You resist negative energy. (rN+)
You are resistant to electric shocks. (rElec)
You can survive without breathing.
You are immune to petrification.
You are immune to rotting.


Message History

MTVSty1e's ghost is moderately damaged.
The ooze hits you but does no damage. You block MTVSty1e's ghost's attack.
You closely miss MTVSty1e's ghost.
MTVSty1e's ghost is moderately damaged.
You block the ooze's attack.
MTVSty1e's ghost hits you but does no damage.
You miss MTVSty1e's ghost.
MTVSty1e's ghost is moderately damaged.
The ooze barely misses you.
You hit MTVSty1e's ghost.
MTVSty1e's ghost is moderately damaged.
MTVSty1e's ghost barely misses you. You block the ooze's attack.
You closely miss MTVSty1e's ghost.
MTVSty1e's ghost is moderately damaged.
You block MTVSty1e's ghost's attack. You block the ooze's attack.
You hit the ooze.
The ooze is heavily wounded.
MTVSty1e's ghost says, "They'll have to sweep you off the floor after I'm finished with you!"
MTVSty1e's ghost hits you.
You die...

#. #.... ..#
...#.#.##.... .<.#
...#........####....
..................
##..............###
###...............?..
##(...........J.....#
#.............@.....#
#.............W.....#
###.##.................#
....##........?.........
..#####.............)...
†.# #.................
..# #.................
..# #.................
### ####.............


You could see MTVSty1e's ghost and an ooze.

Vanquished Creatures
  7 adders (D:2)
  3 dart slugs
  A worm (D:2)
  4 leopard geckos
  2 giant cockroaches
  6 goblins
  5 hobgoblins
  4 jackals (D:1)
  8 kobolds
  A quokka (D:2)
  4 bats
  4 frilled lizards
  7 rats
56 creatures vanquished.

Notes
Turn   | Place    | Note
-------+----------+-------------------------------------------
     0 | D:1      | MTVSty1e the Gargoyle Fighter began the quest for the Orb.
     0 | D:1      | Reached XP level 1. HP: 14/14 MP: 1/1
   174 | D:1      | Reached XP level 2. HP: 7/19 MP: 2/2
   533 | D:1      | Reached skill level 3 in Maces & Flails
   754 | D:1      | Reached XP level 3. HP: 19/23 MP: 3/3
  1258 | D:2      | Reached skill level 4 in Maces & Flails
  1263 | D:2      | Reached XP level 4. HP: 24/28 MP: 4/4
  1599 | D:2      | Reached skill level 5 in Maces & Flails
  1599 | D:2      | Reached XP level 5. HP: 9/32 MP: 5/5
  2045 | D:3      | Noticed MTVSty1e's ghost (amateur GrGl)
  2071 | D:3      | HP: 1/32 [MTVSty1e's ghost (8)]
  2078 | D:3      | Slain by MTVSty1e's ghost

Skill      XL: |  1  2  3  4 |
---------------+-------------+-----
Maces & Flails | 3 4 5 |  5.1
Fighting       | |  3.2
Armour         | |  3.2
Shields        | |  3.2

Action                   |  1- 3 |  4- 6 || total
-------------------------+-------+-------++-------
Melee: Flail             |    91 |       ||    91
       Mace              |    21 |   116 ||   137
  Use: Potion            |       |     5 ||     5
  Eat: Chunk             |     1 |     3 ||     4
Armor: Scale mail        |    85 |    99 ||   184
Dodge: Dodged            |    51 |    44 ||    95
Block: Shield            |    79 |   102 ||   181
